 Dungeon Crawl Stone Soup version 0.22-b1-26-g9dbaab1 (webtiles) character file.

497 dracos369 the Twirler (level 6, -1/44 HPs)
             Began as a Mummy Gladiator on Aug 8, 2018.
             Was a Follower of Wu Jian.
             Slain by a worker ant (2 damage)
             ... on level 4 of the Dungeon.
             The game lasted 00:07:46 (3590 turns).

dracos369 the Twirler (Mummy Gladiator)             Turns: 3590, Time: 00:07:46

Health: -1/44      AC:  5    Str: 20    XL:     6   Next: 93%
Magic:  6/6        EV: 12    Int:  7    God:    Wu Jian [*.....]
Gold:   287        SH:  0    Dex: 13    Spells: 5/5 levels left

rFire    x . .     SeeInvis .   a - +0 quarterstaff
rCold    + . .     Gourm    .   (shield currently unavailable)
rNeg     + + +     Faith    .   b - +0 leather armour
rPois    ∞         Spirit   .   c - +0 helmet
rElec    .         Reflect  .   p - +0 cloak
rCorr    .         Harm     .   (no gloves)
MR       .....                  (no boots)
Stlth    ++........             q - amulet of magic regeneration
HPRegen  0.14/turn              j - ring of stealth
MPRegen  0.35/turn              (no ring)

@: no status effects
A: no food or potions, fire vulnerability, cold resistance 1, negative energy
resistance 3, torment resistance, unbreathing
a: Renounce Religion


You were on level 4 of the Dungeon.
You worshipped Wu Jian.
Wu Jian was aware of your devotion.
You were not hungry.

You visited 1 branch of the dungeon, and saw 4 of its levels.

You collected 287 gold pieces.

Inventory:

Hand Weapons
 a - a +0 quarterstaff (weapon)
Missiles
 d - 4 throwing nets (quivered)
Armour
 b - a +0 leather armour (worn)
 c - a +0 helmet (worn)
 p - a +0 cloak (worn)
Jewellery
 j - a ring of stealth (left hand)
 q - an amulet of magic regeneration (around neck)
Scrolls
 e - 6 scrolls of identify {unknown}
 f - 2 scrolls of teleportation {unknown}
 g - a scroll of noise {unknown}
 h - 2 scrolls of amnesia {unknown}
 i - 2 scrolls of random uselessness {unknown}
 k - a scroll of enchant weapon {unknown}
 l - 3 scrolls of remove curse {unknown}
 m - a scroll of fog {unknown}
 n - a scroll of immolation {unknown}
 o - a scroll of enchant armour {unknown}


   Skills:
 - Level 2.0 Fighting
 + Level 6.6 Staves
 - Level 1.5 Throwing
 - Level 2.4 Dodging


You had 5 spell levels left.
You didn't know any spells.
Your spell library was empty.

Dungeon Overview and Level Annotations

Branches:
Dungeon (4/15)
 Temple: D:4-7

Altars:
Hepliaklqana
Wu Jian
The Shining One

Annotations:
D:4 Eustachio


Innate Abilities, Weirdness & Mutations

You do not eat or drink.
Your flesh is vulnerable to fire.
You are immune to poison.
Your flesh is cold resistant. (rC+)
You are immune to negative energy. (rN+++)
You are immune to unholy pain and torment.
You can survive without breathing.


Message History

* * * LOW HITPOINT WARNING * * *
Eustachio hits you but does no damage. The worker ant closely misses you.
You barely miss Eustachio.
Eustachio is moderately wounded.
The river rat bites you.
* * * LOW HITPOINT WARNING * * *
The shadow imp hits you but does no damage.
The quokka closely misses you. The rat bites you but does no damage.
The worker ant closely misses you.
You barely miss Eustachio.
Eustachio is moderately wounded.
Eustachio hits you with a falchion.
* * * LOW HITPOINT WARNING * * *
The quokka bites you but does no damage.
The river rat closely misses you.
The shadow imp shouts, "Away with thee, thou gorbellied rump-fed clothbag!"
The shadow imp hits you.
* * * LOW HITPOINT WARNING * * *
The worker ant bites you.
You die...

#####.#.#####.# ###
#.#.# #.#...#
..###.#.#####.#...#
#.##......%##.#...#
#.##..#.##.##.#...#
#.##..#.##.##.#...#
#..........##.#...#
......#.#...#.#@5r#
####.##.......)a@.#
#........#.#r#r#
###......%...#.#
##..........).#
#...(......##.#
#####.#.#...#####.#
......#.#.........###
#######.#..........!#
##...#.####.#.#


You could see Eustachio, a worker ant, a river rat, a shadow imp, a quokka and a
rat.

Vanquished Creatures
  Sigmund (D:4)
  A bullfrog (D:3)
  A hound (D:4)
  An orc priest (D:3)
  3 worker ants (D:4)
  Terence (D:3)
  5 adders
  An adder skeleton (D:4)
  3 worms
  4 dart slugs
  2 leopard geckos (D:1)
  2 orcs (D:3)
  5 bats
  2 giant cockroaches
  7 goblins
  9 hobgoblins
  4 jackals (D:1)
  8 kobolds
  2 frilled lizards (D:1)
  4 rats
66 creatures vanquished.

Notes
Turn   | Place    | Note
-------+----------+-------------------------------------------
     0 | D:1      | dracos369 the Mummy Gladiator began the quest for the Orb.
     0 | D:1      | Reached XP level 1. HP: 16/16 MP: 1/1
   227 | D:1      | Reached XP level 2. HP: 22/22 MP: 2/2
   243 | D:1      | Reached skill level 3 in Staves
   494 | D:1      | Reached XP level 3. HP: 21/27 MP: 3/3
   874 | D:2      | Found a hazy altar of Hepliaklqana.
  1147 | D:2      | Reached skill level 4 in Staves
  1182 | D:2      | Reached XP level 4. HP: 18/33 MP: 4/4
  1440 | D:2      | Found a faded altar of an unknown god.
  1449 | D:2      | Became a worshipper of the Wu Jian Council
  1449 | D:2      | Reached * piety under Wu Jian
  2050 | D:3      | Noticed a bullfrog
  2058 | D:3      | Killed a bullfrog
  2058 | D:3      | Reached XP level 5. HP: 34/38 MP: 5/5
  2115 | D:3      | Reached skill level 5 in Staves
  2470 | D:3      | Noticed Terence
  2482 | D:3      | Killed Terence
  3307 | D:4      | Reached XP level 6. HP: 32/44 MP: 6/6
  3343 | D:4      | Found a glowing golden altar of the Shining One.
  3343 | D:4      | Noticed Sigmund
  3351 | D:4      | Killed Sigmund
  3351 | D:4      | Reached skill level 6 in Staves
  3575 | D:4      | Noticed Eustachio
  3590 | D:4      | HP: 1/44 [shadow imp[Eustachio] (3)]
  3590 | D:4      | Slain by a worker ant

Skill      XL: |  1  2  3  4  5  6 |
---------------+-------------------+-----
Staves         | 3 4 5 6 |  6.6
Fighting       | |  2.0
Throwing       | |  1.5
Dodging        | |  2.4

Action                   |  1- 3 |  4- 6 || total
-------------------------+-------+-------++-------
Melee: Quarterstaff      |    99 |   142 ||   241
Invok: Whirlwind         |       |    60 ||    60
       Lunge             |       |    15 ||    15
 Stab: Sleeping          |     1 |     7 ||     8
Armor: Leather armour    |    26 |    39 ||    65
Dodge: Dodged            |    59 |    84 ||   143
